 Dungeon Crawl Stone Soup version 0.31-a0-232-gb1c03b2570 (webtiles) character file.

Game seed: 9090095201618575488

45 alignant the Trooper (level 3, 35/35 HPs)
             Began as a Minotaur Berserker on July 7, 2023.
             Was a Follower of Trog.
             Quit the game on level 2 of the Dungeon on Aug 4, 2023.
             The game lasted 00:02:56 (1467 turns).

alignant the Trooper (Minotaur Berserker)           Turns: 1467, Time: 00:02:57

Health: 35/35      AC:  6    Str: 23    XL:     3   Next: 42%
Magic:  2/2        EV: 11    Int:  4    God:    Trog [*.....]
Gold:   101        SH:  0    Dex:  9    Spells: 2/2 levels left

rFire   . . .        a - +0 hand axe
rCold   . . .        (no shield)
rNeg    + . .        g - +0 ring mail
rPois   .            (helmet restricted)
rElec   .            (no cloak)
rCorr   .            b - +0 pair of gloves
SInv    .            (no boots)
Will    +....        (no amulet) Stlth
                     f - ring of positive energy
HPRegen 0.25/turn    i - ring of willpower
MPRegen 0.08/turn

%: no passive effects
@: no status effects
A: horns 2, retaliatory headbutt
a: Renounce Religion, Berserk


You were on level 2 of the Dungeon.
You worshipped Trog.
Trog was aware of your devotion.
You visited 1 branch of the dungeon, and saw 2 of its levels.

You collected 101 gold pieces.

Inventory:

Hand Weapons
 a - a +0 hand axe (weapon)
Armour
 b - a +0 pair of gloves (worn)
 g - a +0 ring mail (worn)
Jewellery
 f - a ring of positive energy (left hand)
 i - a ring of willpower (right hand)
Scrolls
 d - a scroll of noise {unknown}
 e - a scroll of identify {unknown}
 h - a scroll of silence {unknown}
 k - a scroll of fog {unknown}
 l - a scroll of blinking {unknown}
 m - a scroll of teleportation {unknown}
Potions
 c - a potion of haste {unknown}
 j - a potion of curing {unknown}


   Skills:
 + Level 4.8 Fighting
 - Level 3.6 Axes
 + Level 2.9 Armour
 + Level 2.7 Dodging


You had 2 spell levels left.
You didn't know any spells.
Your spell library was empty.

Dungeon Overview and Level Annotations

Branches:
Dungeon (2/15)

Altars:


Innate Abilities, Weirdness & Mutations

You have a pair of horns on your head.
You reflexively headbutt those who attack you in melee.


Message History

The rat closely misses you.
You hit the rat.
You kill the rat!
Trog accepts your kill.
You see here a rat corpse.
You see here the +0 toga "Victory" {*Victory Clar}.
l - a scroll labelled IGESOCV BOSH You see here a rat corpse.
You see here a hobgoblin skeleton.
There is a stone staircase leading down here.
Found a stone staircase leading up.
A dart slug comes into view.
A dart slug is nearby!
A dart slug is nearby!
A dart slug is nearby!
A dart slug is nearby!
There are no items here.
The dart slug launches a dart at you. The slug dart hits you.
The dart slug bites you but does no damage.
You hit the dart slug. You headbutt the dart slug.
The dart slug is heavily wounded.
The dart slug misses you. You furiously retaliate!
You headbutt the dart slug!
You kill the dart slug!
Trog accepts your kill.
You see here a dart slug corpse.
m - a scroll labelled CEVVIA LUGOR Done exploring.
Done exploring.
Done exploring.
Done exploring.
i - a ring of willpower (right hand) Done exploring.
Done exploring.
Done exploring.
Saving game... please wait.
Welcome back, alignant the Minotaur Berserker.
Trog says: Kill them all!
Press ? for a list of commands and other information.
Are you sure you want to abandon this character and quit the game? (Confirm with "yes".)

#...####....##..#..##...## #
#.### #.#......#........# # ##.#
####.##.....###....#.# # #..#
#........#......#....# # #####.##
#.#####..##.....##...### ......#
#.# #.....[#.......... #######
#.# #..#.#.##.......## # #.#
###...#.....#...... # #.#
#.@.####..#.##...## #
#.####.........#......## #
#.##..........###.###.##
#.##.##..###.<###......#
#.##.##..# #..##........ ###
#.##.##..###..#........# ..##
##.#...#..........[...... #..####
#..............#.........
##.†..###.##...###..)............


There were no monsters in sight!

Vanquished Creatures
  An adder (D:2)
  A worm (D:2)
  2 dart slugs (D:2)
  3 bats
  An endoplasm (D:1)
  A giant cockroach (D:1)
  2 goblins
  4 hobgoblins
  3 jackals (D:1)
  2 kobolds
  A quokka (D:1)
  2 ball pythons (D:1)
  A frilled lizard (D:1)
  3 rats (D:2)
27 creatures vanquished.

Notes
Turn   | Place    | Note
-------+----------+-------------------------------------------
     0 | D:1      | alignant the Minotaur Berserker began the quest for the
                  | Orb.
     0 | D:1      | Reached XP level 1. HP: 19/19 MP: 0/0
    66 | D:1      | Reached skill level 4 in Fighting
    73 | D:1      | Reached XP level 2. HP: 21/27 MP: 1/1
   941 | D:2      | Reached XP level 3. HP: 34/34 MP: 2/2
  1252 | D:2      | Found the +0 toga "Victory" {*Victory Clar}
  1467 | D:2      | Quit the game

Illustrated notes

Levels and vault maps discovered:
D:1:      ldierk_walled_garden, layout_basic
D:2:      layout_loops_ring, serial_glass, glass_columns_a, glass_columns_a,
          hangedman_decor_points

Skill      XL: |  1 |
---------------+----+-----
Fighting       | 4 |  4.8
Axes           | |  3.6
Armour         | |  2.9
Dodging        | |  2.7

Action                     || total
---------------------------++-------
  Melee: Hand axe          ||    56
         Headbutt          ||     9
 Armour: Animal skin       ||     3
         Ring mail         ||    11
  Dodge: Dodged            ||    42

Table legend: (Time is in decaauts)
 A = Elapsed time spent in this place.
 B = Non-inter-level travel time spent in this place.
 C = Inter-level travel time spent in this place.
 D = Time resting spent in this place.
 E = Time spent auto-exploring this place.
 F = Levels seen in this place.
 G = Mean time per level.
                   A        B        C        D        E       F      G
               +--------+--------+--------+--------+--------+-----+--------+
         Total |   1474 |   1474 |      0 |      0 |   1143 |   2 |  737.0 |
       Dungeon |   1474 |   1474 |      0 |      0 |   1143 |   2 |  737.0 |
               +--------+--------+--------+--------+--------+-----+--------+

Top non-repeatable levels by time:
     D:1: 884 daAuts
     D:2: 589 daAuts
